 Dungeon Crawl Stone Soup version 0.27-a0-1101-ge311f74bc8 (webtiles) character file.

Game seed: 1098940527931321655

42 pokeman the Magician (level 3, -1/20 HPs)
             Began as a Deep Elf Hedge Wizard on Apr 28, 2021.
             Slain by a jackal (3 damage)
             ... on level 2 of the Dungeon.
             The game lasted 00:02:24 (1471 turns).

pokeman the Magician (Deep Elf Hedge Wizard)        Turns: 1471, Time: 00:02:25

Health: -1/20      AC:  3    Str:  7    XL:     3   Next: 33%
Magic:  0/11       EV: 11    Int: 19    God:
Gold:   79         SH:  0    Dex: 14    Spells: 11/12 levels left

rFire    . . .     SeeInvis .   a - +0 dagger
rCold    . . .     Faith    .   (no shield)
rNeg     . . .     Spirit   .   h - +0 leather armour
rPois    .         Reflect  .   c - +0 hat
rElec    .         Harm     .   (no cloak)
rCorr    .         Rampage  .   (no gloves)
Will     .....                  (no boots)
Stlth    ++........             (no amulet)
HPRegen  0.06/turn              (no ring)
MPRegen  0.12/turn              (no ring)

@: no status effects
A: no striking features
a: no special abilities


You were on level 2 of the Dungeon.
You visited 1 branch of the dungeon, and saw 2 of its levels.

You collected 79 gold pieces.

Inventory:

Hand Weapons
 a - a +0 dagger (weapon)
Missiles
 g - 13 arrows
Armour
 c - a +0 hat (worn)
 h - a +0 leather armour (worn)
Scrolls
 b - a scroll of fog {unknown}
 f - a scroll of identify {unknown}
 i - a scroll of teleportation {unknown}
 l - a scroll of blinking {unknown}
Potions
 j - a potion of attraction {unknown}
 k - 2 potions of flight {unknown}
 m - a potion of heal wounds {unknown}


   Skills:
 + Level 0.8 Fighting
 + Level 0.8 Armour
 - Level 2.4 Dodging
 - Level 2.4 Stealth
 * Level 5.2 Spellcasting
 + Level 1.9 Conjurations
 - Level 1.1 Summonings
 - Level 1.1 Translocations


You had 11 spell levels left.
You knew the following spells:

 Your Spells              Type           Power      Damage    Failure   Level
a - Magic Dart            Conj           48%        1d5       8%          1

Your spell library contained the following spells:

 Spells                   Type           Power      Damage    Failure   Level
 Summon Small Mammal      Summ           36%        N/A       12%         1
 Blink                    Tloc           N/A        N/A       17%         2
 Call Imp                 Summ           9%         N/A       17%         2
 Beastly Appendage        Tmut           8%         N/A       19%         1
 Slow                     Hex            4%         N/A       26%         2
 Wereblood                Tmut           4%         N/A       26%         2
 Call Canine Familiar     Summ           9%         N/A       34%         3
 Conjure Flame            Conj/Fire      8%         6-21      34%         3
 Mephitic Cloud           Conj/Pois/Air  7%         N/A       38%         3
 Summon Guardian Golem    Hex/Summ       7%         N/A       38%         3
 Spider Form              Tmut/Pois      2%         N/A       47%         3
 Summon Ice Beast         Ice/Summ       7%         N/A       80%         4
 Summon Lightning Spire   Summ/Air       7%         N/A       80%         4
 Ice Form                 Ice/Tmut       4%         N/A       87%         4
 Hydra Form               Tmut           2%         N/A       99%         5


Dungeon Overview and Level Annotations

Branches:
Dungeon (2/15)

Altars:

Annotations:
D:2 1 runed translucent door, Crazy Yiuf


Message History

Casting: Magic Dart (safe; 5% risk of failure)
Confirm with . or Enter, or press ? or * to list all spells.
Aiming: Magic Dart (safe; 5% risk of failure)
Press: ? - help, Shift-Dir - straight line, f - jackal
Aim: a jackal (moderately wounded, 100% to hit)
The magic dart hits the jackal.
The jackal is almost dead.
The jackal bites you but does no damage. x2
You hit the jackal.
You kill the jackal!
You start resting.
Your transformation is almost over.
You start resting.
A jackal is nearby!
Casting: Magic Dart (safe; 5% risk of failure)
Confirm with . or Enter, or press ? or * to list all spells.
Aiming: Magic Dart (safe; 5% risk of failure)
Press: ? - help, Shift-Dir - straight line, f - jackal
Aim: a jackal (wandering, hasn't noticed you, 100% to hit)
The magic dart hits the jackal.
The jackal is moderately wounded.
The jackal barks!
You feel less wooden.
Your +0 hat unmelds from your body.
Your +0 leather armour unmelds from your body.
You hear an angry hiss.
Casting: Magic Dart (safe; 8% risk of failure)
Confirm with . or Enter, or press ? or * to list all spells.
Aiming: Magic Dart (safe; 8% risk of failure)
Press: ? - help, Shift-Dir - straight line, f/p - jackal
Aim: a jackal (moderately wounded, 100% to hit)
The magic dart hits the jackal.
The jackal is heavily wounded.
Unknown command.
You hit the jackal but do no damage.
The jackal is heavily wounded.
The jackal bites you but does no damage.
A ball python comes into view.
The jackal bites you.
You die...

...♣..♣#...# ..♣.♣♣♣ ### #..
........ ♣♣♣♣♣ #.. ......†.
#.S# #....h.
##############..# #...h#
................# #....# .
................# #....# ...
...............h###....#....
[...............@†..........
..).............###....#....
.######.....................
.# #..............[...... .#
###......###........##.# ##
..........# #.)......# #
...>......# #........#
#..........# ##########
########...#


You could see a jackal and a ball python.

Vanquished Creatures
  An adder (D:2)
  A ball python (D:1)
  3 endoplasms
  A giant cockroach (D:1)
  4 goblins
  2 hobgoblins
  3 jackals (D:2)
  2 quokkas (D:1)
  5 bats
  2 frilled lizards (D:1)
  4 kobolds
  3 rats
31 creatures vanquished.

Notes
Turn   | Place    | Note
-------+----------+-------------------------------------------
     0 | D:1      | pokeman the Deep Elf Hedge Wizard began the quest for the
                  | Orb.
     0 | D:1      | Reached XP level 1. HP: 10/10 MP: 7/7
   413 | D:1      | Reached XP level 2. HP: 15/15 MP: 5/9
  1188 | D:2      | Found a runed translucent door.
  1189 | D:2      | Noticed Crazy Yiuf
  1226 | D:2      | Reached skill level 5 in Spellcasting
  1425 | D:2      | Reached XP level 3. HP: 20/20 MP: 8/11
  1440 | D:2      | HP: 1/20 [adder (2)]
  1471 | D:2      | Slain by a jackal

Illustrated notes

Levels and vault maps discovered:
D:1:      dpeg_arrival_refuge, layout_basic, minmay_cupped
D:2:      minmay_door_path, layout_basic, uniq_crazy_yiuf_cottage

Skill      XL: |  1  2 |
---------------+-------+-----
Spellcasting   | 5 |  5.2
Fighting       | |  0.8
Armour         | |  0.8
Dodging        | |  2.4
Stealth        | |  2.4
Conjurations   | |  1.9
Summonings     | |  1.1
Translocations | |  1.1

Action                   || total
-------------------------++-------
Melee: Dagger            ||    14
 Cast: Magic Dart        ||    74
  Use: Potion            ||     2
Armor: Robe              ||     1
       Leather armour    ||     7
       Skin              ||    10
Dodge: Dodged            ||    24

Table legend: (Time is in decaauts)
 A = Elapsed time spent in this place.
 B = Non-inter-level travel time spent in this place.
 C = Inter-level travel time spent in this place.
 D = Time resting spent in this place.
 E = Time spent auto-exploring this place.
 F = Levels seen in this place.
 G = Mean time per level.
                   A        B        C        D        E       F      G
               +--------+--------+--------+--------+--------+-----+--------+
         Total |   1470 |   1425 |     45 |     93 |   1162 |   2 |  735.0 |
       Dungeon |   1470 |   1425 |     45 |     93 |   1162 |   2 |  735.0 |
               +--------+--------+--------+--------+--------+-----+--------+

Top non-repeatable levels by time:
     D:1: 1158 daAuts
     D:2: 312 daAuts
